AoeStats
← Snobyman

Nomad

509283646Analyzed
4v4 RM · 7d ago on Sep 26, 2026· 21m 20s· 8 players
Game mode
Random Map
Map size
231×231
Population
200
Speed
Normal
Resources
Standard
Victory
Conquest
Starting age
Dark Age
Ending age
Imperial Age
RankedLock teamsTeams togetherTeam positionsShared explorationLock speedFull tech treeHidden civsTurbo modeCheats
Victory
Defeat
🇺🇸 Varangians · United States
645
+10
🇨🇳 Italians · China
483
+16
🇦🇺 Khmer · Australia
444
+18
🇭🇰 Koreans · Hong Kong SAR China
439
+17
🇮🇳 Italians · India
503
-16
🇺🇸 Franks · United States
503
-16
🇺🇸 Maya · United States
478
-15
🇨🇳 Wei · China
448
-14
jordanm708
Choco_Ninja
Elite Savage
salama20
CaptOblivious
4:52 Loom
Snobyman
5:37 Loom
17:57 Feudal Age
20:04 Wheelbarrow
19:56 Arson
21:46 Gold Mining
今天是魔王
4:32 Loom
16:23 Feudal Age
18:11 Double-Bit Axe
19:14 Fishing Lines
20:10 Horse Collar
22:09 Wheelbarrow
21:43 Stone Mining
604569544
19:16 Feudal Age
20:55 Town Watch
Connection lost

Rejoining the realm…

Still unreachable

The connection could not be restored.

Session expired

The server has moved on; the page needs a fresh start.